AoeStats
← SeemsFishy

Lombardia

507699480Analyzed
4v4 RM · 13d ago on Sep 19, 2026· 40m 3s· 8 players
Game mode
Random Map
Map size
Large (8 player)
Population
200
Speed
Normal
Resources
Standard
Victory
Conquest
Starting age
Dark Age
Ending age
Imperial Age
RankedLock teamsTeams togetherTeam positionsShared explorationLock speedFull tech treeHidden civsTurbo modeCheats
Victory
Defeat
🇩🇪 Vikings · Germany
1437
+13
🇩🇪 Teutons · Germany
1419
+14
🇭🇺 Malay · Hungary
1399
+14
🇩🇪 Armenians · Germany
1292
+18
🇬🇧 Malians · United Kingdom
1420
-17
🇳🇱 Wu · Netherlands
1347
-14
🇳🇬 Goths · Nigeria
1343
-14
🇦🇺 Tatars · Australia
1337
-14
Barca4life
11:14 Feudal Age
9:54 Loom
15:28 Castle Age
13:40 Double-Bit Axe
13:46 Horse Collar
21:25 Bow Saw
22:39 Heavy Plow
23:05 Gold Mining
23:09 Town Watch
25:28 Stone Mining
29:52 Imperial Age
28:09 Fletching
28:41 Ballistics
28:57 Padded Archer Armor
28:53 Bodkin Arrow
29:01 Crossbowman
29:58 Arbalester
30:39 Bracer
30:56 Leather Archer Armor
31:24 Conscription
32:47 Coinage
33:08 Caravan
34:58 Siege Engineers
36:02 Chemistry
37:06 Two-Man Saw
36:37 Crop Rotation
36:45 Ring Archer Armor
DraveczB
6:57 Loom
9:59 Feudal Age
12:30 Double-Bit Axe
16:01 Castle Age
14:51 Horse Collar
23:34 Wheelbarrow
23:11 Heavy Plow
24:20 Town Watch
24:27 Gold Mining
24:27 Stone Mining
25:19 Bow Saw
27:16 Scale Barding Armor
27:21 Forging
27:21 Husbandry
27:48 Fletching
28:42 Bodkin Arrow
28:28 Elite Skirmisher
33:31 Forging
33:20 Stone Mining
37:41 Imperial Age
35:27 Hand Cart
34:57 Town Watch
35:51 Iron Casting
36:34 Elite Battle Elephant
38:40 Blast Furnace
40:13 Conscription
Raphael
8:46 Loom
8:51 Loom
10:38 Feudal Age
15:16 Castle Age
13:23 Double-Bit Axe
13:55 Horse Collar
23:55 Heavy Plow
25:19 Wheelbarrow
27:09 Gold Mining
27:13 Stone Mining
28:50 Bloodlines
29:32 Scale Mail Armor
29:40 Scale Barding Armor
29:46 Forging
29:27 Fletching
30:51 Hand Cart
30:22 Town Watch
35:18 Imperial Age
33:54 Chain Barding Armor
34:10 Iron Casting
33:31 Bodkin Arrow
36:50 Cavalier
37:44 Caravan
38:22 Bow Saw
38:50 Crop Rotation
39:14 Stone Shaft Mining
39:13 Paladin
40:39 Plate Barding Armor
41:17 Blast Furnace
M*rpheu$
4:18 Loom
11:19 Feudal Age
16:26 Castle Age
14:27 Double-Bit Axe
16:09 Horse Collar
18:50 Bow Saw
23:21 Heavy Plow
26:47 Wheelbarrow
27:04 Forging
26:55 Scale Mail Armor
27:46 Squires
27:07 Man-at-Arms
27:32 Gambesons
27:36 Arson
28:50 Iron Casting
28:52 Gold Mining
30:16 Chain Mail Armor
30:23 Caravan
30:13 Town Watch
29:55 Long Swordsman
31:21 Two-Handed Swordsman
35:32 Imperial Age
35:45 Hand Cart
35:20 Champion
37:27 Plate Mail Armor
37:57 Blast Furnace
39:31 Capped Ram
SeemsFishy
6:50 Loom
9:49 Feudal Age
10:43 Double-Bit Axe
10:48 Horse Collar
18:50 Scale Barding Armor
24:24 Castle Age
25:02 Bloodlines
24:31 Light Cavalry
25:51 Husbandry
26:24 Chain Barding Armor
26:15 Forging
26:26 Heavy Plow
26:49 Bow Saw
31:47 Wheelbarrow
putinonaritz
11:24 Feudal Age
16:46 Castle Age
18:09 Double-Bit Axe
19:25 Fletching
20:03 Bodkin Arrow
26:28 Ballistics
36:42 Imperial Age
34:00 Loom
34:53 Padded Archer Armor
34:58 Husbandry
D_Baron
4:13 Loom
11:15 Feudal Age
17:45 Castle Age
17:41 Wheelbarrow
16:52 Double-Bit Axe
16:48 Horse Collar
18:45 Bow Saw
18:37 Heavy Plow
26:03 Hand Cart
28:47 Imperial Age
27:04 Scale Mail Armor
27:15 Forging
27:56 Squires
28:00 Town Watch
29:10 Anarchy
28:45 Pikeman
30:28 Conscription
31:49 Crop Rotation
32:07 Chain Mail Armor
33:04 Iron Casting
33:11 Halberdier
34:01 Man-at-Arms
34:35 Long Swordsman
35:11 Two-Handed Swordsman
37:08 Chemistry
36:00 Champion
39:04 Blast Furnace
38:29 Fletching
Brandon
7:52 Loom
12:16 Feudal Age
15:47 Castle Age
15:18 Double-Bit Axe
15:26 Stone Mining
18:08 Bow Saw
23:08 Horse Collar
27:43 Wheelbarrow
28:10 Stone Shaft Mining
27:26 Gold Mining
30:56 Imperial Age
29:39 Hand Cart
29:10 Town Watch
29:22 Treadmill Crane
30:02 Ballistics
31:36 Gold Shaft Mining
31:20 Fletching
32:36 Conscription
32:48 Scale Mail Armor
32:59 Forging
32:44 Bodkin Arrow
32:50 Padded Archer Armor
32:55 Scale Barding Armor
32:42 Crossbowman
35:11 Chemistry
33:39 Arbalester
Connection lost

Rejoining the realm…

Still unreachable

The connection could not be restored.

Session expired

The server has moved on; the page needs a fresh start.